 Dungeon Crawl Stone Soup version 0.27.0-65-ge2af304b15 (webtiles) character file.

Game seed: 5579969103524864344

1038 Descartes the Covert (level 8, -1/36 HPs)
             Began as a Spriggan Venom Mage on Aug 19, 2021.
             Slain by a large slime creature (32 damage)
             ... on level 5 of the Dungeon.
             The game lasted 00:20:01 (6711 turns).

Descartes the Covert (Spriggan Venom Mage)          Turns: 6711, Time: 00:20:01

Health: -1/36      AC:  2    Str:  5    XL:     8   Next: 4%
Magic:  10/13      EV: 19    Int: 18    God:
Gold:   207        SH:  0    Dex: 15    Spells: 7/12 levels left

rFire    . . .     SeeInvis +   b - +0 hunting sling
rCold    + . .     Faith    .   (shield restricted)
rNeg     . . .     Spirit   .   l - +0 robe
rPois    .         Reflect  .   (helmet restricted)
rElec    .         Harm     .   (no cloak)
rCorr    .         Rampage  .   (gloves unavailable)
Will     +....                  (boots unavailable)
Stlth    ++++......             (no amulet)
HPRegen  0.12/turn              r - ring of protection from cold
MPRegen  0.13/turn              (no ring)

@: about to teleport, very quick
A: very small, no large weapons, unfitting armour, see invisible, speed 3
a: no special abilities


You were on level 5 of the Dungeon.
You visited 1 branch of the dungeon, and saw 5 of its levels.

You collected 207 gold pieces.

Inventory:

Hand Weapons
 a - a +2 dagger
 b - a +0 hunting sling (weapon)
 v - a +0 shortbow
Missiles
 c - 142 arrows
 g - 17 sling bullets
 j - 47 bolts
 n - 14 poisoned darts
 q - 90 stones (quivered ammo)
Armour
 l - a +0 robe (worn)
Jewellery
 r - a ring of protection from cold (left hand)
 u - a ring of willpower
Scrolls
 d - a scroll of holy word {unknown}
 h - a scroll of immolation {unknown}
 k - a scroll of fear {unknown}
 m - a scroll of vulnerability {unknown}
 s - a scroll of noise {unknown}
 t - a scroll of identify {unknown}
Potions
 e - 2 potions of curing {unknown}
 f - a potion of heal wounds
 o - 2 potions of might {unknown}
 p - 2 potions of lignification {unknown}


   Skills:
 + Level 4.8 Slings
 + Level 4.9 Dodging
 + Level 9.0 Stealth
 - Level 2.6 Spellcasting
 - Level 1.3 Transmutations
 + Level 6.2 Poison Magic


You had 7 spell levels left.
You knew the following spells:

 Your Spells              Type           Power      Damage    Failure   Level
a - Sting                 Tmut/Pois      64%        1d6       3%          1
b - Olgreb's Toxic Radia  Pois           24%        N/A       13%         4

Your spell library contained the following spells:

 Spells                   Type           Power      Damage    Failure   Level
 Poisonous Vapours        Pois/Air       26%        N/A       7%          2
 Freeze                   Ice            8%         1d3       17%         1
 Mephitic Cloud           Conj/Pois/Air  9%         N/A       22%         3
 Dazzling Flash           Conj/Hex       4%         N/A       45%         3
 Frozen Ramparts          Ice            4%         1d2       45%         3
 Hailstorm                Conj/Ice       2%         3d3       86%         4
 Iskenderun's Mystic Bla  Conj/Tloc      2%         2d3       86%         4
 Starburst                Conj/Fire      1%         6d3       100%        6


Dungeon Overview and Level Annotations

Branches:
Dungeon (5/15)
 Temple: D:4-7

Altars:
Nemelex Xobeh
Qazlal
Vehumet
The Shining One


Innate Abilities, Weirdness & Mutations

You are very small and have problems with some larger weapons.
You are too small for most types of armour.
You have supernaturally acute eyesight. (SInv)
You cover ground extremely quickly. (Speed+++)


Message History

Unknown command.
You shoot a stone.
The stone hits the wight but does no damage.
The wight is lightly damaged.
The wight completely misses you.
Unknown command.
You shoot a stone. The stone closely misses the wight.
The wight closely misses you.
Unknown command.
You shoot a stone. The stone barely misses the wight.
The slime creature hits you. The wight completely misses you.
Unknown command.
As you read the scroll of teleportation, it crumbles to dust.
You feel strangely unstable.
Two slime creatures merge to form a large slime creature.
The wight closely misses you.
Casting: Sting (safe; 3% risk of failure)
Confirm with . or Enter, or press ? or * to list all spells.
Aiming: Sting (safe; 3% risk of failure)
Press: ? - help, Shift-Dir - straight line, f - large slime creature, p - wight
Aim: a large slime creature (94% to hit)
Okay, then.
Casting: Sting (safe; 3% risk of failure)
Confirm with . or Enter, or press ? or * to list all spells.
Aiming: Sting (safe; 3% risk of failure)
Press: ? - help, Shift-Dir - straight line, f/p - wight
Aim: a wight, wielding a +3 war axe and wearing a +0 robe (lightly damaged, 74% to hit)
The sting hits the wight but does no damage.
The wight is lightly damaged.
The wight barely misses you.
Casting: Sting (safe; 3% risk of failure)
Confirm with . or Enter, or press ? or * to list all spells.
Aiming: Sting (safe; 3% risk of failure)
Press: ? - help, Shift-Dir - straight line, f/p - wight
Aim: a wight, wielding a +3 war axe and wearing a +0 robe (lightly damaged, 74% to hit)
The sting hits the wight.
The wight partially resists.
The wight is lightly damaged.
The wight closely misses you. The large slime creature hits you!!
Ouch! That really hurt!
You die...

#############
#...J@z?((..(
#.########### ..##.#
############## #.##.#
#..........#.. #.##[#
#.########.#.# #.##J#
#.# #.#.# #.##J# #.#
#.#.# .
#.##.###.########.#.#
#.#
#.##.##........##.#.###


You could see a large slime creature and a wight.

Vanquished Creatures
  Sigmund (D:5)
  A black bear (D:5)
  An ogre (D:4)
  A centaur (D:5)
  4 wights (D:5)
  A bullfrog zombie (D:5)
  A centaur zombie (D:3)
  2 hounds (D:5)
  An orc priest (D:5)
  3 jellies (D:5)
  A gnoll shaman (D:5)
  An iguana (D:4)
  5 gnolls
  An adder (D:3)
  A white imp (D:5)
  An ufetubus (D:4)
  2 worms
  6 orcs
  7 ball pythons
  5 bats
  9 endoplasms
  A giant cockroach (D:4)
  A hobgoblin (D:3)
  7 jackals
  12 kobolds
  2 quokkas (D:4)
  3 frilled lizards
  5 goblins
  3 rats
89 creatures vanquished.

Vanquished Creatures (others)
  8 fungi (D:5)
  7 toadstools (D:5)
15 creatures vanquished.

Grand Total: 104 creatures vanquished

Notes
Turn   | Place    | Note
-------+----------+-------------------------------------------
     0 | D:1      | Descartes the Spriggan Venom Mage began the quest for the
                  | Orb.
     0 | D:1      | Reached XP level 1. HP: 9/9 MP: 5/5
   247 | D:1      | Reached XP level 2. HP: 13/13 MP: 4/6
   456 | D:1      | Reached skill level 4 in Stealth
  1203 | D:2      | Reached XP level 3. HP: 16/16 MP: 6/8
  1689 | D:2      | Found a faded altar of an unknown god.
  1918 | D:3      | Found a sparkling altar of Nemelex Xobeh.
  2232 | D:3      | Found a radiant altar of Vehumet.
  2475 | D:3      | Reached skill level 5 in Stealth
  2770 | D:3      | Found a glowing golden altar of the Shining One.
  2778 | D:3      | Reached XP level 4. HP: 21/21 MP: 9/9
  3074 | D:4      | Reached skill level 6 in Stealth
  3510 | D:4      | Found a stormy altar of Qazlal.
  3512 | D:4      | Noticed an air elemental
  3513 | D:4      | Noticed a water elemental
  3513 | D:4      | Noticed a fire elemental
  3513 | D:4      | Noticed an earth elemental
  3723 | D:5      | Entered Level 5 of the Dungeon
  3758 | D:5      | Learned a level 4 spell: Olgreb's Toxic Radiance
  3763 | D:5      | Noticed a kobold brigand
  3765 | D:5      | Reached XP level 5. HP: 24/24 MP: 5/10
  3871 | D:5      | Noticed a necrophage
  3872 | D:5      | Noticed an ogre
  4255 | D:5      | Noticed a black bear
  4273 | D:5      | Killed a black bear
  4274 | D:5      | Reached skill level 1 in Slings
  4322 | D:5      | Reached skill level 5 in Poison Magic
  4322 | D:5      | Reached XP level 6. HP: 28/28 MP: 3/11
  4327 | D:5      | Reached skill level 7 in Stealth
  5186 | D:5      | Noticed Sigmund
  5201 | D:5      | Killed Sigmund
  5202 | D:5      | Reached skill level 8 in Stealth
  5202 | D:5      | Reached XP level 7. HP: 9/32 MP: 7/12
  6366 | D:5      | Reached XP level 8. HP: 35/36 MP: 9/13
  6430 | D:5      | Noticed a slime creature
  6430 | D:5      | Noticed a slime creature
  6431 | D:5      | Noticed a slime creature
  6448 | D:5      | Reached skill level 9 in Stealth
  6711 | D:5      | Slain by a large slime creature

Illustrated notes

Levels and vault maps discovered:
D:1:      dpeg_arrival_stonehenge_8_columns, layout_loops_ring
D:2:      layout_basic, hellmonk_ecumenical_altar_pennies_from_heaven
D:3:      layout_loops_cross, mainiacjoe_overflow_paths, lemuel_tele_altar,
          mainiacjoe_overflow_concentric_impassable, grunt_decor_cap
D:4:      layout_rooms, nicolae_qazlal_style_of_elements,
          kennysheep_small_spiral
D:5:      cheibrodos_fertilizer, layout_loops_ring, chequers_decorated_corner,
          uniq_sigmund

Skill      XL: |  1  2  3  4  5  6  7  8 |
---------------+-------------------------+-----
Stealth        | 4 5 6 8 9 |  9.0
Poison Magic   | 4 5 6 |  6.2
Slings         | 2 3 4 |  4.8
Dodging        | 3 4 |  4.9
Spellcasting   | |  2.6
Transmutations | |  1.3

Action                   |  1- 3 |  4- 6 |  7- 9 || total
-------------------------+-------+-------+-------++-------
Melee: Dagger            |     1 |       |     2 ||     3
 Fire: Hunting sling     |    10 |    77 |   146 ||   233
 Cast: Sting             |    77 |    66 |    14 ||   157
       Olgreb's Toxic Ra |       |     4 |     4 ||     8
  Use: Scroll            |       |     2 |     1 ||     3
       Potion            |       |     1 |       ||     1
 Stab: Sleeping          |     1 |       |     1 ||     2
Armor: Robe              |     2 |     2 |     1 ||     5
Dodge: Dodged            |     5 |    26 |    17 ||    48
